 Dungeon Crawl Stone Soup version 0.29.1-15-g9cfb28693d (webtiles) character file.

Game seed: 1345208223460095029

380 BuddhaDhamma the Cleaver (level 6, 0/51 HPs)
             Began as a Minotaur Berserker on Mar 8, 2023.
             Was a Priest of Trog.
             Killed from afar by an orc wizard (1 damage)
             ... with a magic dart
             ... on level 4 of the Dungeon.
             The game lasted 00:05:33 (3290 turns).

BuddhaDhamma the Cleaver (Minotaur Berserker)       Turns: 3290, Time: 00:05:34

Health: 0/51       AC: 10    Str: 23    XL:     6   Next: 46%
Magic:  5/5        EV:  8    Int:  4    God:    Trog [***...]
Gold:   169        SH:  0    Dex: 10    Spells: 5/5 levels left

rFire   . . .      SeeInvis .   a - +1 hand axe
rCold   . . .      Faith    +   (no shield)
rNeg    . . .      Spirit   .   n - +0 chain mail
rPois   .          Reflect  .   (helmet restricted)
rElec   .          Harm     .   d - +1 cloak
rCorr   .          Rampage  .   (no gloves)
Will    .....                   (no boots)
Stlth   ..........              f - amulet of faith
HPRegen 0.17/turn               (no ring)
MPRegen 0.09/turn               (no ring)

@: on berserk cooldown, slowed, very slow
A: horns 2, retaliatory headbutt
a: Renounce Religion, Berserk, Trog's Hand


You were on level 4 of the Dungeon.
You worshipped Trog.
Trog was most pleased with you.
You visited 1 branch of the dungeon, and saw 4 of its levels.

You collected 169 gold pieces.

Inventory:

Hand Weapons
 a - a +1 hand axe (weapon)
Missiles
 h - 16 poisoned darts (quivered)
Armour
 d - a +1 cloak (worn)
 n - a +0 chain mail (worn)
Jewellery
 f - an amulet of faith (around neck)
 k - an amulet of guardian spirit
Scrolls
 j - a scroll of torment
 m - a scroll of enchant weapon
Potions
 b - 2 potions of haste
 c - a potion of lignification {unknown}
 g - 2 potions of flight {unknown}
 i - 2 potions of might
 l - a potion of magic {unknown}
 p - 2 potions of curing {unknown}


   Skills:
 - Level 3.6 Fighting
 + Level 8.9 Axes
 - Level 2.4 Armour
 - Level 2.1 Dodging


You had 5 spell levels left.
You didn't know any spells.
Your spell library was empty.

Dungeon Overview and Level Annotations

Branches:
Dungeon (4/15)
 Temple: D:4-7

Altars:
Kikubaaqudgha
Makhleb
Nemelex Xobeh
Okawaru
Sif Muna
Wu Jian

Shops:
D:1 ?


Innate Abilities, Weirdness & Mutations

You have a pair of horns on your head.
You reflexively headbutt those who attack you in melee.


Message History

Trog accepts your kill.
The phantom hits you but does no damage.
Something hits you.
* * * LOW HITPOINT WARNING * * *
The orc hits you with a +0 trident.
* * * LOW HITPOINT WARNING * * *
The orc wizard hits you with a +0 dagger.
* * * LOW HITPOINT WARNING * * *
The phantom attacks as you move away! The phantom barely misses you.
Something hits you.
* * * LOW HITPOINT WARNING * * *
The orc priest barely misses you. Something hits you but does no damage.
The orc hits you but does no damage.
Things that are here:
a +0 short sword; a +0 scale mail The orc hits you but does no damage.
The orc wizard gestures wildly while chanting.
The orc wizard flickers and vanishes!
The orc priest hits you but does no damage.
You hear some strange, mumbled words.
Something tries to affect you, but you resist.
You hit the orc priest.
You kill the orc priest!
Trog accepts your kill.
You hit the worm. You barely miss something. You miss something.
The orc hits you from afar with a +0 trident.
* * * LOW HITPOINT WARNING * * *
Something hits you but does no damage. The worm bites you.
* * * LOW HITPOINT WARNING * * *
You hit something. Your headbutt misses something. You slash the worm!
You hit something. The orc barely misses you. The worm closely misses you.
You miss something. You hit the phantom but do no damage. You hit something. x2
You hit the worm.
Something hits you but does no damage. x2
The phantom closely misses you. The orc hits you but does no damage.
Something hits you.
* * * LOW HITPOINT WARNING * * *
You hear some strange, mumbled words.
A magic dart appears from out of thin air!
The magic dart hits you.
You die...

... .......(........ ..
#.#............ ≈.
#.#............ ≈
#.##........... #.#
#.....#....
###.###......#
##...#......#.####.##
####......##...w{.......
...............{@......#
###.........#.)W{......#
##.†......###.o.......##
#..#†.....# #####.......
#.##.....## .......
#.#.......# .......
#.#.......# .......
..#.......# .......
####.....##


You could see a phantom, a worm and an orc.

Vanquished Creatures
  A howler monkey (D:4)
  A hound (D:4)
  An orc priest (D:4)
  2 iguanas (D:4)
  3 orc wizards (D:4)
  5 adders
  An ufetubus (D:4)
  3 worms
  6 dart slugs
  9 orcs
  5 endoplasms
  A giant cockroach (D:3)
  5 goblins
  10 hobgoblins
  4 quokkas
  5 ball pythons
  5 bats
  5 frilled lizards
  8 kobolds
  6 rats
86 creatures vanquished.

Vanquished Creatures (others)
  A bat (D:1)
1 creature vanquished.

Grand Total: 87 creatures vanquished

Notes
Turn   | Place    | Note
-------+----------+-------------------------------------------
     0 | D:1      | BuddhaDhamma the Minotaur Berserker began the quest for the
                  | Orb.
     0 | D:1      | Reached XP level 1. HP: 19/19 MP: 0/0
    45 | D:1      | Reached skill level 4 in Axes
   233 | D:1      | Reached XP level 2. HP: 24/26 MP: 1/1
   452 | D:1      | Reached skill level 5 in Axes
   474 | D:1      | Found Jaedd's Magic Scroll Shop.
   668 | D:1      | Reached ** piety under Trog
   820 | D:2      | Reached XP level 3. HP: 24/31 MP: 2/2
  1001 | D:2      | Identified the +6 sling "Atuliw" {venom, rElec rF+ rN+
                  | Str+5}
  1348 | D:2      | Found a faded altar of an unknown god.
  1474 | D:2      | Found a shimmering blue altar of Sif Muna.
  1483 | D:2      | Reached XP level 4. HP: 39/39 MP: 3/3
  1658 | D:3      | Reached skill level 6 in Axes
  1948 | D:3      | Found an ancient bone altar of Kikubaaqudgha.
  1948 | D:3      | Found an iron altar of Okawaru.
  1948 | D:3      | Found a sparkling altar of Nemelex Xobeh.
  2168 | D:3      | Found a burning altar of Makhleb.
  2169 | D:3      | Found an ornate altar of the Wu Jian Council.
  2205 | D:3      | Reached *** piety under Trog
  2619 | D:4      | Reached XP level 5. HP: 45/45 MP: 4/4
  2625 | D:4      | Reached skill level 7 in Axes
  2726 | D:4      | Reached skill level 8 in Axes
  2956 | D:4      | Reached XP level 6. HP: 22/51 MP: 5/5
  3288 | D:4      | HP: 1/51 [worm (2)]
  3290 | D:4      | Killed from afar by an orc wizard

Illustrated notes

Levels and vault maps discovered:
D:1:      dpeg_arrival_leaves_temple_mockup, layout_rooms, serial_shops,
          nicolae_shop_behind_doors, minmay_misc_feat_encased,
          lemuel_flame_loot_1
D:2:      layout_basic, basic_altar, basic_ecumenical_altar,
          hangedman_feature_mirror, minmay_statues_item
D:3:      minmay_chambers_of_twos, layout_basic,
          gammafunk_temple_overflow_statue, gammafunk_temple_overflow_claw
D:4:      layout_rooms, nicolae_overflow_two_pavilions

Skill      XL: |  1  2  3  4  5 |
---------------+----------------+-----
Axes           | 4 5 6 8 |  8.9
Fighting       | |  3.6
Armour         | |  2.4
Dodging        | |  2.1

Action                   |  1- 3 |  4- 6 || total
-------------------------+-------+-------++-------
Melee: Hand axe          |    75 |   104 ||   179
       Headbutt          |    10 |    15 ||    25
       Punch             |       |     3 ||     3
Invok: Berserk           |       |     2 ||     2
  Use: Scroll            |       |     8 ||     8
Armor: Animal skin       |     4 |       ||     4
       Ring mail         |    35 |    28 ||    63
       Chain mail        |       |    33 ||    33
Dodge: Dodged            |    40 |    57 ||    97
